 Dungeon Crawl Stone Soup version 0.28.0-47-ge53b351184 (webtiles) character file.

Game seed: 3121755443012460333

53 Exodus22XD the Chopper (level 3, 0/34 HPs)
             Began as a Hill Orc Monk on May 7, 2022.
             Slain by a gnoll
             ... wielding a +0 spear
              (5 damage)
             ... on level 2 of the Dungeon.
             The game lasted 00:01:16 (1159 turns).

Exodus22XD the Chopper (Hill Orc Monk)              Turns: 1159, Time: 00:01:17

Health: 0/34       AC:  5    Str: 15    XL:     3   Next: 89%
Magic:  3/3        EV: 12    Int:  8    God:
Gold:   54         SH:  0    Dex: 13    Spells: 2/2 levels left

rFire   . . .      SeeInvis .   a - +0 hand axe
rCold   . . .      Faith    .   (no shield)
rNeg    . . .      Spirit   .   g - +0 ring mail
rPois   .          Reflect  .   (no helmet)
rElec   .          Harm     .   (no cloak)
rCorr   .          Rampage  .   (no gloves)
Will    .....                   (no boots)
Stlth   +.........              (no amulet)
HPRegen 0.11/turn               (no ring)
MPRegen 0.08/turn               (no ring)

@: no status effects
A: dopey 1, sturdy frame 1
a: no special abilities


You were on level 2 of the Dungeon.
You visited 1 branch of the dungeon, and saw 2 of its levels.

You collected 74 gold pieces.
You spent 20 gold pieces at shops.

Inventory:

Hand Weapons
 a - a +0 hand axe (weapon)
Armour
 g - a +0 ring mail (worn)
Scrolls
 b - a scroll of immolation {unknown}
 c - 2 scrolls of teleportation
 d - a scroll of brand weapon {unknown}
Potions
 f - a potion of curing {unknown}


   Skills:
 + Level 4.3 Fighting
 + Level 5.0 Axes
 * Level 1.6 Armour
 - Level 2.4 Dodging
 - Level 1.5 Stealth


You had 2 spell levels left.
You didn't know any spells.
Your spell library was empty.

Dungeon Overview and Level Annotations

Branches:
Dungeon (2/15)

Altars:

Shops:
D:1 ?


Innate Abilities, Weirdness & Mutations

You are dopey. (Int -2)
Your movements are slightly less encumbered by armour. (ER -2)


Message History

The gnoll hits you but does no damage. The gnoll barely misses you.
Things that are here:
a +0 flail; 2 throwing nets You hit the gnoll.
The gnoll is moderately wounded.
The gnoll closely misses you.
The gnoll hits you from afar with a +0 spear.
You hit the gnoll but do no damage.
The gnoll is moderately wounded.
The gnoll barely misses you. The gnoll closely misses you.
The gnoll hits you with a +0 halberd!
You barely miss the gnoll.
The gnoll is moderately wounded.
The gnoll hits you but does no damage. The gnoll hits you with a +0 halberd.
* * * LOW HITPOINT WARNING * * *
You feel much better. The gnoll barely misses you.
The gnoll hits you with a +0 halberd!
You hit the gnoll but do no damage.
The gnoll is moderately wounded.
The gnoll hits you but does no damage. The gnoll hits you with a +0 halberd!
* * * LOW HITPOINT WARNING * * *
You hit the gnoll.
The gnoll is heavily wounded.
The gnoll hits you from afar with a +0 spear.
* * * LOW HITPOINT WARNING * * *
The gnoll closely misses you.
You slash the gnoll!
You kill the gnoll!
The gnoll hits you but does no damage. x2
Your Axes skill increases to level 5!
The gnoll misses you.
Things that are here:
a +0 halberd; a gnoll corpse You slash the gnoll!
The gnoll is heavily wounded.
The gnoll barely misses you.
You hit the gnoll but do no damage.
The gnoll is heavily wounded.
The gnoll hits you with a +0 spear.
You die...

#### .... #########
####..####.......#
..<...g@).....##.#
####...###>.#.##.#######
#... #..............
..... #.##.##.#######
..##..# #.##.##.# # #..
#....†..# #.. ####.####
#.. #.# #.# ####


You could see a gnoll.

Vanquished Creatures
  An adder (D:2)
  2 gnolls (D:2)
  A dart slug (D:1)
  A ball python (D:1)
  3 endoplasms
  2 hobgoblins (D:1)
  2 jackals (D:1)
  2 kobolds (D:2)
  2 quokkas (D:1)
  A bat (D:2)
  3 frilled lizards
  A goblin (D:1)
  4 rats
25 creatures vanquished.

Notes
Turn   | Place    | Note
-------+----------+-------------------------------------------
     0 | D:1      | Exodus22XD the Hill Orc Monk began the quest for the Orb.
     0 | D:1      | Reached XP level 1. HP: 19/19 MP: 1/1
    51 | D:1      | Found a faded altar of an unknown god.
   205 | D:1      | Found Otoeddei's Magic Scroll Shoppe.
   357 | D:1      | Reached XP level 2. HP: 19/27 MP: 2/2
   590 | D:1      | Reached skill level 1 in Armour
   776 | D:1      | Bought a scroll of identify for 20 gold pieces
   778 | D:1      | Gained mutation: Your movements are slightly less
                  | encumbered by armour. (ER -2) [potion of mutation]
   778 | D:1      | Gained mutation: You are dopey. (Int -2) [potion of
                  | mutation]
   951 | D:2      | Reached XP level 3. HP: 33/33 MP: 3/3
  1157 | D:2      | Reached skill level 5 in Axes
  1159 | D:2      | Slain by a gnoll

Illustrated notes

Levels and vault maps discovered:
D:1:      lightli_arrival_quake, layout_basic, serial_shops,
          nicolae_shop_waterfront, hellmonk_ecumenical_altar_pennies_from_heaven
D:2:      layout_loops_ring, minmay_tetromino_l4

Skill      XL: |  1  2  3 |
---------------+----------+-----
Fighting       | 4 |  4.3
Armour         | 1 |  1.6
Axes           | 5 |  5.0
Dodging        | |  2.4
Stealth        | |  1.5

Action                   || total
-------------------------++-------
Melee: Hand axe          ||    87
  Use: Scroll            ||     3
       Potion            ||     2
 Stab: Sleeping          ||     5
Armor: Robe              ||    13
       Ring mail         ||     8
Dodge: Dodged            ||    62
